 Dungeon Crawl Stone Soup version 0.23.2-33-g5129a83184 (webtiles) character file.

Game seed: 15870411024473931509

5952 PlayerOfArmor the Cleaver (level 10, 0/136 HPs)
             Began as a Hill Orc Monk on July 1, 2019.
             Was a High Priest of Zin.
             Slain by a vampire (6 damage)
             ... on level 11 of the Dungeon.
             The game lasted 00:29:45 (11599 turns).

PlayerOfArmor the Cleaver (Hill Orc Monk)          Turns: 11599, Time: 00:29:45

Health: 0/136      AC: 12    Str: 23    XL:     10   Next: 84%
Magic:  13/13      EV:  9    Int: 10    God:    Zin [*****.]
Gold:   524        SH:  0    Dex: 13    Spells: 9/9 levels left

rFire    . . .     SeeInvis .   a - +0 war axe (venom)
rCold    . . .     Gourm    +   (no shield)
rNeg     . . .     Faith    .   A - +0 chain mail (curse)
rPois    .         Spirit   .   t - +0 helmet
rElec    .         Reflect  .   (no cloak)
rCorr    +         Harm     .   (no gloves)
MR       .....                  (no boots)
Stlth    ..........             h - amulet of the gourmand
HPRegen  0.32/turn              r - ring of resist corrosion
MPRegen  0.13/turn              (no ring)

@: berserking, very quick
A: no striking features
a: Recite, Vitalisation, Imprison, Sanctuary, Donate Gold, Renounce Religion


You were on level 11 of the Dungeon.
You worshipped Zin.
Zin was extremely pleased with you.
You were not hungry.

You visited 2 branches of the dungeon, and saw 12 of its levels.

You collected 582 gold pieces.
You donated 58 gold pieces to Zin.

Inventory:

Hand Weapons
 a - a +0 war axe of venom (weapon)
Armour
 o - a +1 chain mail
 t - a +0 helmet (worn)
 A - a cursed +0 chain mail (worn)
Jewellery
 h - an amulet of the gourmand (around neck)
 r - a ring of resist corrosion (left hand)
 C - an uncursed ring of magical power {unknown}
Wands
 e - a wand of flame (25)
 m - a wand of random effects (18)
 u - a wand of clouds (1)
 x - a wand of iceblast (11)
 G - a wand of paralysis (12)
 I - a wand of digging (10)
Scrolls
 f - 15 scrolls of identify
 g - a scroll of fear
 j - 2 scrolls of noise {unknown}
 n - 2 scrolls of enchant armour
 v - a scroll of random uselessness {unknown}
 w - 3 scrolls of amnesia {unknown}
 y - a scroll of enchant weapon {unknown}
 z - 2 scrolls of blinking {unknown}
 B - a scroll of teleportation
 D - a scroll of remove curse
 E - a scroll of acquirement {unknown}
Potions
 b - 2 potions of curing
 d - 4 potions of haste
 i - a potion of heal wounds
 k - a potion of flight {unknown}
 l - a potion of berserk rage
 p - 3 potions of agility
 q - 2 potions of degeneration {unknown}
 s - 2 potions of invisibility {unknown}
 F - a potion of ambrosia {unknown}
 H - 2 potions of cancellation {unknown}
Comestibles
 c - 20 rations


   Skills:
 + Level 9.1 Fighting
 + Level 14.8 Axes
 + Level 8.2 Armour
 - Level 2.4 Dodging
 - Level 1.5 Stealth
 + Level 4.7 Invocations


You had 9 spell levels left.
You didn't know any spells.
Your spell library contained the following spells:

 Spells                   Type           Power        Failure   Level  Hunger
 Confusing Touch          Hex            #.....       93%         1    ##.....
 Flame Tongue             Conj/Fire      #....        93%         1    ##.....
 Throw Flame              Conj/Fire      #.....       98%         2    ###....
 Confuse                  Hex            #.......     100%        3    ####...
 Conjure Flame            Conj/Fire      #.......     100%        3    ####...
 Gell's Gravitas          Tloc           #.........   100%        3    ####...
 Inner Flame              Hex/Fire       #.......     100%        3    ####...
 Petrify                  Tmut/Erth      #.......     100%        4    #####..
 Sticky Flame             Conj/Fire      #.......     100%        4    #####..
 Fireball                 Conj/Fire      #.........   100%        5    ######.
 Metabolic Englaciation   Hex/Ice        #.........   100%        5    ######.
 Yara's Violent Unravell  Hex/Tmut       #.........   100%        5    ######.


Dungeon Overview and Level Annotations

Branches:
Dungeon (11/15)            Temple (1/1) D:7            Lair (0/6) D:9
    Orc (0/2) D:10

Altars:
Ashenzari
Cheibriados
Dithmenos
Fedhas
Makhleb
Nemelex Xobeh
Okawaru
Qazlal
Ru
Trog
Uskayaw
Vehumet
Wu Jian
Xom
Yredelemnul
Zin
The Shining One
Beogh

Shops:
D:6 :

Annotations:
D:4 3 runed translucent doors, grocchini's ghost, amateur DsGl


Message History

Okay, then.
A red film seems to cover your vision as you go berserk!
You feel yourself moving faster!
You feel mighty! The vampire barely misses you. The vampire bites you.
* * * LOW HITPOINT WARNING * * *
The vampire draws strength from your injuries!
You barely miss the vampire.
The vampire is lightly damaged.
You closely miss the vampire.
The vampire is lightly damaged.
The vampire hits you. Zin protects you from harm!
The vampire bites you but does no damage.
You hit the vampire.
The vampire is lightly damaged.
You closely miss the vampire.
The vampire is lightly damaged.
The vampire hits you but does no damage.
The vampire bites you.
You die...

#..<...# #..#
#......# #....
#.#....###...#
#.#........#
#....(...###
....#....#..#
.#.##.......##
.:......###?.###
......### ##@..#
....# #.V....#
.... ...........
### ###......###
#......#
#......#
#......#
########


You could see a vampire.

Vanquished Creatures
  A troll (D:9)
  Sigmund (D:2)
  3 yaks (D:10)
  A hungry ghost (D:9)
  Duvessa (D:4)
  3 ice beasts
  6 orc warriors
  A sky beast (D:8)
  2 black bears
  2 phantoms
  5 ogres
  5 centaurs
  4 bullfrogs (D:8)
  A water moccasin zombie (D:11)
  A scorpion (D:9)
  Dowan (D:5)
  9 killer bees
  8 wights
  3 howler monkeys
  3 crimson imps
  4 jellies
  Crazy Yiuf (D:2)
  A bullfrog skeleton (D:7)
  A bullfrog zombie (D:10)
  3 hounds
  4 orc wizards
  5 orc priests
  3 centaur skeletons
  Jessica (D:3)
  2 iguanas
  Terence (D:2)
  6 worker ants
  2 hound skeletons
  A howler monkey zombie (D:10)
  7 gnolls (D:3)
  A howler monkey skeleton (D:3)
  5 adders
  3 oozes
  An adder skeleton (D:4)
  A worm (D:4)
  2 dart slugs
  5 leopard geckos
  33 orcs
  6 giant cockroaches
  9 goblins
  9 hobgoblins
  13 jackals
  5 quokkas
  3 ball pythons
  4 bats (D:1)
  A frilled lizard (D:1)
  6 kobolds
  A quokka skeleton (D:4)
  12 rats
223 creatures vanquished.

Notes
Turn   | Place    | Note
-------+----------+-------------------------------------------
     0 | D:1      | PlayerOfArmor the Hill Orc Monk began the quest for the
                  | Orb.
     0 | D:1      | Reached XP level 1. HP: 19/19 MP: 1/1
    26 | D:1      | Reached XP level 2. HP: 27/27 MP: 2/2
   218 | D:1      | Reached skill level 5 in Axes
   337 | D:1      | Reached XP level 3. HP: 33/33 MP: 3/3
   981 | D:2      | Found a shimmering altar of Xom.
  1065 | D:2      | Found a runed translucent door.
  1066 | D:2      | Noticed Crazy Yiuf
  1420 | D:2      | Noticed Terence
  1429 | D:2      | Killed Terence
  1429 | D:2      | Reached skill level 6 in Axes
  1429 | D:2      | Reached XP level 4. HP: 39/40 MP: 4/4
  1601 | D:2      | Noticed Sigmund
  1633 | D:2      | Killed Sigmund
  1633 | D:2      | Reached skill level 7 in Axes
  1633 | D:2      | Reached skill level 1 in Armour
  1633 | D:2      | Reached XP level 5. HP: 37/47 MP: 5/5
  1633 | D:2      | Reached XP level 6. HP: 42/53 MP: 6/6
  2282 | D:3      | Reached skill level 8 in Axes
  3003 | D:3      | Noticed Jessica
  3015 | D:3      | Killed Jessica
  3135 | D:3      | Found a blossoming altar of Fedhas.
  3135 | D:3      | Found a bloodstained altar of Trog.
  3427 | D:2      | Killed Crazy Yiuf
  3427 | D:2      | Reached skill level 5 in Fighting
  3551 | D:4      | Found a runed translucent gate.
  3551 | D:4      | Found a runed translucent gate.
  3551 | D:4      | Found a runed translucent gate.
  3557 | D:4      | Identified the +8 halberd of the Blowfly {chop, *Contam
                  | Str+5}
  3557 | D:4      | Identified the +8 chain mail "Ytruaxeti" {Int+3}
  3557 | D:4      | Noticed an orc warrior
  3558 | D:4      | Noticed grocchini's ghost (amateur DsGl)
  3558 | D:4      | Identified the +5 spear of the Mouth {pain, *Drain rN+
                  | Str+4}
  3628 | D:4      | Reached XP level 7. HP: 39/61 MP: 7/7
  3906 | D:4      | Reached skill level 9 in Axes
  4684 | D:4      | Found a roughly hewn altar of Beogh.
  4711 | D:5      | Entered Level 5 of the Dungeon
  4773 | D:5      | Noticed Dowan
  4774 | D:5      | Noticed Duvessa
  4800 | D:5      | Killed Dowan
  4845 | D:4      | Killed Duvessa
  4845 | D:4      | Reached skill level 10 in Axes
  4845 | D:4      | Reached XP level 8. HP: 12/70 MP: 8/8
  5153 | D:5      | Found a sacrificial altar of Ru.
  5154 | D:5      | Found a radiant altar of Vehumet.
  6053 | D:6      | Found Keurun's Book Emporium.
  6063 | D:6      | Reached skill level 11 in Axes
  6515 | D:6      | Reached skill level 5 in Armour
  6827 | D:6      | Reached XP level 9. HP: 47/77 MP: 9/9
  7082 | D:7      | Reached skill level 12 in Axes
  7168 | D:7      | Found a staircase to the Ecumenical Temple.
  7186 | Temple   | Entered the Ecumenical Temple
  7359 | Temple   | Became a worshipper of Zin the Law-Giver
  7359 | Temple   | Reached * piety under Zin
  7359 | Temple   | Reached ** piety under Zin
  7359 | Temple   | Reached *** piety under Zin
  7529 | D:7      | Found an ornate altar of the Wu Jian Council.
  7798 | D:7      | Reached skill level 1 in Invocations
  7834 | D:7      | HP: 3/78 [iguana (5)]
  8482 | D:8      | Reached skill level 13 in Axes
  8489 | D:8      | Reached **** piety under Zin
  8638 | D:8      | Reached XP level 10. HP: 62/88 MP: 11/11
  9057 | D:9      | Reached skill level 14 in Axes
  9192 | D:9      | HP: 4/88 [poisoned by a killer bee]
  9193 | D:9      | Zin protects you from harm!
  9399 | D:9      | Found a staircase to the Lair.
  9607 | D:9      | HP: 4/90 [poisoned by a killer bee]
  9849 | D:9      | Found a shattered altar of Ashenzari.
  9884 | D:9      | Reached ***** piety under Zin
 10525 | D:10     | Entered Level 10 of the Dungeon
 10812 | D:10     | Found a staircase to the Orcish Mines.
 11595 | D:11     | HP: 6/136 [vampire (2)]
 11597 | D:11     | Zin protects you from harm!
 11599 | D:11     | Slain by a vampire

Skill      XL: |  1  2  3  4  5  6  7  8  9 10 |
---------------+-------------------------------+-----
Axes           | 5 6 7 8 10 11 13 14 | 14.8
Fighting       | 4 5 6 7 9 |  9.1
Armour         | 1 2 3 5 6 8 |  8.2
Invocations    | 2 4 |  4.7
Dodging        | |  2.4
Stealth        | |  1.5

Action                   |  1- 3 |  4- 6 |  7- 9 | 10-12 || total
-------------------------+-------+-------+-------+-------++-------
Melee: Hand axe          |   128 |   185 |   300 |       ||   613
       War axe           |       |       |   176 |   271 ||   447
Invok: Recite            |       |       |     4 |    14 ||    18
  Use: Potion            |       |     2 |     2 |     9 ||    13
       Scroll            |       |     4 |       |     2 ||     6
 Stab: Sleeping          |     2 |       |       |       ||     2
       Confused          |       |       |     1 |     4 ||     5
       Paralysed         |       |       |       |     3 ||     3
       Invisible         |       |       |       |     2 ||     2
  Eat: Chunk             |     2 |     7 |    16 |     7 ||    32
       Ration            |       |       |       |     1 ||     1
Armor: Robe              |     5 |       |       |       ||     5
       Ring mail         |    26 |       |       |       ||    26
       Skin              |       |    18 |       |       ||    18
       Chain mail        |       |    69 |   232 |   142 ||   443
Dodge: Dodged            |    63 |    73 |   156 |   112 ||   404
